 Dungeon Crawl Stone Soup version 0.31-a0-532-g28f74ba3e5 (webtiles) character file.

Game seed: 15361087659727461607

179 heikuro the Shield-Bearer (level 5, -20/42 HPs)
             Began as a Formicid Fighter on Apr 28, 2023.
             Was a Believer of Wu Jian.
             Demolished by an ogre
             ... wielding a +0 giant spiked club
              (27 damage)
             ... on level 4 of the Dungeon on Aug 12, 2023.
             The game lasted 00:08:19 (2424 turns).

heikuro the Shield-Bearer (Formicid Fighter)        Turns: 2424, Time: 00:08:20

Health: -20/42     AC:  9    Str: 23    XL:     5   Next: 90%
Magic:  5/5        EV:  8    Int:  7    God:    Wu Jian [**....]
Gold:   125        SH:  5    Dex: 13    Spells: 4/4 levels left

rFire   + . .        a - +0 war axe
rCold   . . .        c - +0 buckler
rNeg    + . .        j - +0 chain mail
rPois   .            (helmet unavailable)
rElec   .            (no cloak)
rCorr   .            (no gloves)
SInv    +            (no boots)
Will    .....        m - amulet of the acrobat Stlth
                     h - ring of protection from fire
HPRegen 0.27/turn    i - ring of positive energy
MPRegen 0.09/turn

%: acrobat
@: no status effects
A: permanent stasis, dig shafts and tunnels, antennae 3, four strong arms
a: Dig, Shaft Self, Renounce Religion, Wall Jump


You were on level 4 of the Dungeon.
You worshipped Wu Jian.
Wu Jian was pleased with you.
You visited 1 branch of the dungeon, and saw 4 of its levels.

You collected 125 gold pieces.

Inventory:

Hand Weapons
 a - a +0 war axe (weapon)
Armour
 c - a +0 buckler (worn)
 j - a +0 chain mail (worn)
Jewellery
 h - a ring of protection from fire (left hand)
 i - a ring of positive energy (right hand)
 m - an amulet of the acrobat (around neck)
Talismans
 n - a beast talisman
Scrolls
 e - a scroll of blinking {unknown}
 f - a scroll of fear {unknown}
 k - 2 scrolls of teleportation {unknown}
 l - a scroll of fog {unknown}
 o - 2 scrolls of identify
Potions
 d - a potion of might
 g - a potion of invisibility


   Skills:
 + Level 4.2 Fighting
 * Level 3.8 Axes
 + Level 4.1 Armour
 + Level 5.0 Shields


You had 4 spell levels left.
You didn't know any spells.
Your spell library contained the following spells:

 Spells                   Type           Power      Damage    Failure   Level
 Arcjolt                  Conj/Air       0%         1d10      100%        5
 Plasma Beam              Fire/Air       0%         2x1d10    100%        6
 Vhi's Electric Charge    Tloc/Air       Unusable   N/A       N/A         3

Dungeon Overview and Level Annotations

Branches:
Dungeon (4/15)
 Temple: D:4-7

Altars:
Wu Jian

Shops:
D:2 (


Innate Abilities, Weirdness & Mutations

You cannot be hasted, slowed, berserked, paralysed or teleported.
You can dig through walls and to a lower floor.
You have a pair of large antennae on your head. (SInv)
Your four strong arms can wield two-handed weapons with a shield.


Message History

Found a stone staircase leading down.
Found a scroll of identify.
Found a stone staircase leading up.
There is a stone staircase leading down here.
Found an escape hatch in the floor.
There is a stone staircase leading up here.
Found a whip.
o - 2 scrolls of identify (gained 1)
Okay, then.
Found a club.
A kobold comes into view. It is wielding a +0 short sword.
The kobold shouts!
You spin and attack the kobold.
You hit the kobold.
The kobold is severely wounded.
The kobold hits you with a +0 short sword.
You spin to attack the kobold, but your attack speed is too slow for a blow to land.
The kobold barely misses you.
You spin to attack the kobold, but your attack speed is too slow for a blow to land.
The kobold completely misses you.
You spin and attack the kobold.
You slash the kobold!
You kill the kobold!
The Council accepts your kill.
You see here a +0 short sword.
You see here a +0 club.
Found a yellow potion.
Found 6 stones.
The ogre misses you.
You spin and attack the ogre.
You hit the ogre.
The ogre is moderately wounded.
The ogre hits you with a +0 giant spiked club!!
You spin to attack the ogre, but your attack speed is too slow for a blow to land.
You spin and attack the ogre.
You slash the ogre!
The ogre is severely wounded.
The ogre hits you with a +0 giant spiked club!
* * * LOW HITPOINT WARNING * * *
You spin and attack the ogre.
You barely miss the ogre.
The ogre is severely wounded.
The ogre hits you with a +0 giant spiked club!!
Ouch! That really hurt!
You die...

.... ####
#..........####..##
.#..........!....####
##.................#.##
#.....#.....(..#......##
##.....#................#
#...............O......#
##.......###....@.......#
#................###...###
....O............##....#.##
....#....###.......)##....##
#...#<.### #......#........#
#......# #.......#.......##
.......# #........)....###
.##...... ..............# .
....... ..####...##.##


You could see an ogre.

Vanquished Creatures
  An orc priest (D:3)
  4 gnolls (D:3)
  3 adders
  A worm (D:2)
  A dart slug (D:1)
  3 orcs (D:3)
  7 endoplasms
  7 goblins
  A hobgoblin (D:3)
  9 jackals
  7 kobolds
  4 quokkas
  8 ball pythons
  7 bats
  4 frilled lizards
  6 rats
73 creatures vanquished.

Notes
Turn   | Place    | Note
-------+----------+-------------------------------------------
     0 | D:1      | heikuro the Formicid Fighter began the quest for the Orb.
     0 | D:1      | Reached XP level 1. HP: 18/18 MP: 1/1
   111 | D:1      | Reached XP level 2. HP: 24/24 MP: 2/2
   377 | D:1      | Reached XP level 3. HP: 28/29 MP: 3/3
   563 | D:2      | Found Jeser's Weapon Shoppe.
   926 | D:2      | Reached XP level 4. HP: 33/37 MP: 4/4
  1036 | D:2      | Upgraded the game from 0.30-a0-1163-gf69bf04e7a to
                  | 0.31-a0-532-g28f74ba3e5
  1123 | D:2      | Found a faded altar of an unknown god.
  1131 | D:2      | Prayed at the altar of an unknown god.
  1131 | D:2      | Became a worshipper of the Wu Jian Council
  1131 | D:2      | Reached * piety under Wu Jian
  1791 | D:3      | Reached XP level 5. HP: 32/42 MP: 5/5
  1793 | D:3      | Reached ** piety under Wu Jian
  2104 | D:3      | Reached skill level 5 in Shields
  2317 | D:4      | Noticed an ogre
  2424 | D:4      | Demolished by an ogre

Illustrated notes

Levels and vault maps discovered:
D:1:      dpeg_arrival_three_same_balls, layout_rooms
D:2:      layout_loops_corners, serial_shops, shop,
          hellmonk_ecumenical_altar_crossroads
D:3:      layout_rooms
D:4:      layout_cave_pools, minmay_tree_intersection

Skill      XL: |  1  2  3  4  5 |
---------------+----------------+-----
Axes           | 3 |  3.8
Fighting       | 4 |  4.2
Armour         | 4 |  4.1
Shields        | 5 |  5.0

Action                     |  1- 3 |  4- 6 || total
---------------------------+-------+-------++-------
  Melee: War axe           |   107 |   125 ||   232
Ability: Whirlwind         |       |   105 ||   105
         Lunge             |       |     4 ||     4
    Use: Scroll            |       |     2 ||     2
 Armour: Scale mail        |    55 |    42 ||    97
         Chain mail        |       |     3 ||     3
  Dodge: Dodged            |    67 |    71 ||   138
  Block: Buckler           |    35 |    36 ||    71

Table legend: (Time is in decaauts)
 A = Elapsed time spent in this place.
 B = Non-inter-level travel time spent in this place.
 C = Inter-level travel time spent in this place.
 D = Time resting spent in this place.
 E = Time spent auto-exploring this place.
 F = Levels seen in this place.
 G = Mean time per level.
                   A        B        C        D        E       F      G
               +--------+--------+--------+--------+--------+-----+--------+
         Total |   2475 |   2384 |     91 |    290 |   1335 |   4 |  618.8 |
       Dungeon |   2475 |   2384 |     91 |    290 |   1335 |   4 |  618.8 |
               +--------+--------+--------+--------+--------+-----+--------+

Top non-repeatable levels by time:
     D:2: 1098 daAuts
     D:3: 770 daAuts
     D:1: 508 daAuts
     D:4: 98 daAuts
